 Dungeon Crawl Stone Soup version 0.21.1-1-g345015f (webtiles) character file.

279074 letownia2 the Wrestler (level 19, -20/187 HPs)
             Began as a Troll Hunter on Feb 25, 2018.
             Was the Champion of Wu Jian.
             Demolished by a stone giant (30 damage)
             ... on level 4 of the Vaults.
             The game lasted 02:26:12 (20235 turns).

letownia2 the Wrestler (Troll Hunter)              Turns: 20235, Time: 02:26:13

Health: -20/187    AC: 22    Str: 25      XL:     19   Next: 64%
Magic:  25/25      EV: 11    Int: 10 (13) God:    Wu Jian [******]
Gold:   2509       SH: 13    Dex: 13      Spells: 13/27 levels left

rFire    + + .     SeeInvis .     - Unarmed
rCold    + + .     Gourm    +   Z - +2 shield
rNeg     . . .     Faith    .   y - +6 fire dragon scales
rPois    +         Spirit   .   (helmet restricted)
rElec    +         Reflect  .   C - +2 cloak {+Inv}
rCorr    .         Harm     .   (gloves unavailable)
MR       +....                  (boots unavailable)
Stlth    ..........             t - amulet of rage
HPRegen  0.81/turn              w - ring of Vusy {rElec rPois rC++ Dex+3}
MPRegen  0.19/turn              M - ring of protection from cold

@: marked, slowed, very slow
A: large, unfitting armour, claws 3, fast metabolism 3, gourmand, regeneration
1, shaggy fur 1, tough skin 2
}: 2/15 runes: decaying, serpentine
a: Wall Jump, Serpent's Lash, Heavenly Storm, Renounce Religion, Evoke Berserk
Rage, Evoke Invisibility


You were on level 4 of the Vaults.
You worshipped Wu Jian.
Wu Jian was exalted by your worship.
You were full.

You visited 7 branches of the dungeon, and saw 36 of its levels.
You also visited: Labyrinth, Bailey and Ice Cave.

You collected 3260 gold pieces.
You spent 751 gold pieces at shops.

Inventory:

Hand Weapons
 d - the +9 heavy crossbow "Sniper" {velocity, Acc+∞ SInv}
   (You took it off a naga warrior on level 2 of the Snake Pit)

   Any bolt fired from it inflicts extra damage.
   It lets you see invisible.
Missiles
 c - 20 large rocks (quivered)
 F - 83 bolts
 L - a throwing net
Armour
 a - the quicksilver dragon scales of the Hunter {rC+ MR+}
   (You acquired it on level 3 of the Lair of Beasts)

   It protects you from cold.
   It affects your resistance to hostile enchantments.
 p - +0 ice dragon scales
 y - +6 fire dragon scales (worn)
 C - a +2 cloak of invisibility (worn)
 Z - a +2 shield (worn)
Magical Staves
 h - an uncursed staff of wizardry
Jewellery
 m - an uncursed ring of protection from fire
 t - an amulet of rage (around neck)
 w - the ring of Vusy (left claw) {rElec rPois rC++ Dex+3}
   (You found it in an ice cave)

   [ring of dexterity]

   It affects your dexterity (+3).
   It greatly protects you from cold.
   It insulates you from electricity.
   It protects you from poison.
 H - an uncursed ring of flight
 M - a ring of protection from cold (right claw)
 R - an uncursed ring of ice
Wands
 x - a wand of polymorph (6)
 A - a wand of random effects (20)
 E - a wand of paralysis (31)
 J - a wand of flame (88)
 P - a wand of digging (7)
 S - a wand of scattershot (6)
 Y - a wand of disintegration (16)
Scrolls
 i - 5 scrolls of identify
 l - 3 scrolls of silence
 u - 5 scrolls of remove curse
 v - a scroll of teleportation
 G - 3 scrolls of immolation
 U - a scroll of summoning
 X - 3 scrolls of enchant armour
Potions
 b - 3 potions of agility
 e - 3 potions of resistance
 g - 6 potions of heal wounds
 j - 2 potions of ambrosia
 k - 9 potions of curing
 n - 2 potions of haste
 q - 4 potions of berserk rage
 s - 5 potions of flight
 z - 6 potions of mutation
 B - a potion of lignification
 D - 4 potions of magic
 I - 3 potions of brilliance
 N - 6 potions of might
Books
 K - a book of the Dragon

   Spells                             Type                      Level
   a - Flame Tongue                   Conjuration/Fire             1
   b - Cause Fear                     Hexes                        4
   c - Bolt of Fire                   Conjuration/Fire             6
   d - Dragon Form                    Transmutation                7
   e - Dragon's Call                  Summoning                    9
 V - a book of Enchantments

   Spells                             Type                      Level
   a - Cause Fear                     Hexes                        4
   b - Yara's Violent Unravelling     Hexes/Transmutation          5
   c - Silence                        Hexes/Air                    5
   d - Deflect Missiles               Charms/Air                   6
   e - Discord                        Hexes                        8
Miscellaneous
 r - a box of beasts
 O - a phial of floods
Comestibles
 f - 30 rations


   Skills:
 - Level 11.6 Fighting
 + Level 5.1 Throwing
 - Level 7.1 Armour
 - Level 7.8 Dodging
 - Level 0.3 Stealth
 - Level 9.2 Shields
 + Level 23.6 Unarmed Combat
 - Level 4.9 Spellcasting
 - Level 3.8 Conjurations
 - Level 4.0 Translocations
 - Level 2.8 Fire Magic
 - Level 3.0 Air Magic
 - Level 3.3 Poison Magic
 - Level 4.4 Evocations


You had 13 spell levels left.
You knew the following spells:

 Your Spells              Type           Power        Failure   Level  Hunger
a - Magic Dart            Conj           ##..         12%         1    #......
b - Blink                 Tloc           N/A          17%         2    ##.....
c - Conjure Flame         Conj/Fire      #.......     41%         3    ###....
d - Flame Tongue          Conj/Fire      #....        14%         1    #......
e - Mephitic Cloud        Conj/Pois/Air  #.......     38%         3    ###....
i - Call Imp              Summ           #.......     65%         2    ##.....
v - Poisonous Vapours     Pois/Air       #.....       24%         2    ##.....


Dungeon Overview and Level Annotations

Branches:
Dungeon (15/15)            Temple (1/1) D:5            Lair (6/6) D:9
  Swamp (4/4) Lair:3        Snake (4/4) Lair:3        Slime (0/5) Lair:6
    Orc (2/2) D:10            Elf (0/3) Orc:2        Vaults (4/5) D:14
 Depths (0/5) D:15
  Crypt: Vaults:2-3

Altars:
Ashenzari
Cheibriados
Dithmenos
Elyvilon
Fedhas
Gozag
Kikubaaqudgha
Makhleb
Okawaru
Qazlal
Sif Muna
Trog
Uskayaw
Vehumet
Wu Jian
Yredelemnul
Zin
The Shining One
Beogh
Jiyva

Shops:
D:10 [}   Orc:2 :(?:   Snake:4 ?

Annotations:
D:3 jazmu's ghost, amateur FoHu
Lair:6 exclusion: 3 oklob plants
Swamp:3 exclusion: Roxanne, Roxanne


Innate Abilities, Weirdness & Mutations

You are too large for most types of armour.
You have claws for hands.
Your metabolism is lightning-fast.
You like to eat raw meat.
Your natural rate of healing is unusually fast.
You are covered in fur. (AC +1)
You have very tough skin. (AC +2)


Message History

* * * LOW HITPOINT WARNING * * *
The stone giant is engulfed in poison gas.
The stone giant looks as sick as possible!
You mangle the brown ugly thing!!
You kill the brown ugly thing!
The Council accepts your kill.
The brown ugly thing is engulfed in poison gas.
The brown ugly thing looks as sick as possible!
The yaktaur is poisoned.
The red ugly thing basks in the mutagenic energy from its kin and changes!
The stone giant is engulfed in poison gas.
The stone giant looks as sick as possible!
The stone giant throws a large rock.
The large rock hits you!!
* * * LOW HITPOINT WARNING * * *
The brown ugly thing is engulfed in poison gas.
The brown ugly thing looks as sick as possible!
The stone giant is engulfed in poison gas.
The stone giant looks as sick as possible!
The stone giant hits you!!
You die...

#.. #..###u.###.
###..### #uu###..###.
#.. #..# #..##....##.
## ..##..###ueOCu(.....
#.. #..##Ou#pu.u.......
#..##)(##cuuu.##....##.
#..##uu###).###(.## .
#..##Cp# #..###..###.
###)@### #...........
#.(# #........... ####
#####'#''### ##......##
#......... ##.#..#..†
###..###. #..# #. #..#
##


You could see a stone giant, 4 ugly things, a two-headed ogre, a vault sentinel
and a yaktaur.

Vanquished Creatures
  Vashnia (Snake:4)
  A bone dragon (Swamp:4)
  A sphinx (Vaults:4)
  3 thorn hunters
  A tengu reaver (Vaults:4)
  Kirke (Swamp:2)
  8 nagarajas (Snake:4)
  The ghost of letownia2 the Devastator, an adept GrWz of Vehumet (Snake:4)
  Aizul (Snake:1)
  9 vault wardens
  A very ugly thing (Swamp:4)
  10 ironheart preservers
  2 entropy weavers
  Nessos (D:15)
  4 stone giants
  2 deep elf annihilators (Vaults:1)
  A dire elephant (Lair:3)
  A minotaur (Lab)
  A deep elf death mage (Vaults:1)
  An ettin (Orc:2)
  A fire dragon (Lair:6)
  2 yaktaur captains
  Erolcha (Orc:2)
  A great orb of eyes (Vaults:4)
  Josephine (Orc:1)
  7 hydras
  2 ice dragons (IceCv)
  A ghost crab (Swamp:4)
  16 naga warriors
  10 vault guards
  A death knight (Vaults:4)
  11 anacondas
  6 alligators
  8 centaur warriors
  3 ogre magi
  An alligator (shapeshifter) (D:15)
  A deep troll earth mage (Vaults:1)
  8 two-headed ogres
  3 deep troll shamans
  A tengu warrior (D:15)
  18 naga sharpshooters
  9 death yaks
  4 shock serpents
  An orc high priest (Orc:2)
  3 deep elf knights
  2 salamander mystics (Snake:4)
  A skeletal warrior (Vaults:4)
  A death drake (Swamp:4)
  3 shadow wraiths (Vaults:4)
  4 unseen horrors
  3 glowing orange brains
  16 deep trolls
  A flayed ghost (Vaults:4)
  A spriggan druid (Swamp:4)
  7 naga ritualists
  4 spectral hydras (Swamp:4)
  3 deep elf archers (Vaults:4)
  An obsidian statue (D:10)
  4 harpies (Vaults:4)
  9 ironbrand convokers
  2 phantasmal warriors (Swamp:4)
  3 wizards
  A swamp dragon (Lair:6)
  11 orc knights
  12 mana vipers
  2 cyclopes
  23 ugly things
  13 orc sorcerers
  3 manticores
  5 deep elf magi
  8 salamanders
  17 elephants
  16 naga magi
  36 black mambas
  2 ice statues (IceCv)
  8 guardian serpents
  9 vault sentinels
  Joseph (D:9)
  A torpor snail (Lair:4)
  Psyche (D:12)
  A black mamba (shapeshifter) (Vaults:4)
  11 spiny frogs
  30 yaktaurs
  6 rime drakes
  A gargoyle (D:10)
  5 swamp worm zombies (Swamp:4)
  A komodo dragon (shapeshifter) (D:15)
  8 komodo dragons
  4 freezing wraiths (Vaults:4)
  A tengu conjurer (D:14)
  3 hydra zombies (Swamp:4)
  7 trolls
  2 tyrant leeches (Swamp:3)
  A merfolk (shapeshifter) (D:15)
  8 hornets
  5 alligator zombies (Swamp:4)
  13 slime creatures
  4 bog bodies
  4 hippogriffs
  A dream sheep (shapeshifter) (Vaults:3)
  A meliai zombie (D:13)
  40 blink frogs
  3 spectral swamp dragons (Swamp:4)
  4 redbacks (Vaults:4)
  A shadow (Swamp:4)
  6 spriggans
  45 yaks
  4 wraiths
  6 wyverns
  Eustachio (D:5)
  3 basilisks
  2 hogs (Swamp:3)
  A human (shapeshifter) (D:15)
  15 vampire mosquitoes
  68 nagas
  4 wargs
  14 insubstantial wisps
  3 acid dragons
  10 swamp worms
  15 water moccasins
  2 hell hounds (D:9)
  4 soldier ants
  4 porcupines
  A floating eye (shapeshifter) (D:15)
  18 ice beasts
  6 swamp drakes
  A sky beast (D:8)
  32 orc warriors
  6 phantoms
  2 eyes of draining
  4 swamp dragon zombies (Swamp:4)
  25 wolves
  2 boggarts (Vaults:3)
  A black bear (D:6)
  2 necrophages
  16 ogres
  23 centaurs
  25 crocodiles
  A big kobold (D:10)
  A gnoll sergeant (D:9)
  8 bullfrogs
  A wyvern zombie (D:8)
  3 scorpions
  9 killer bees
  12 wights
  An electric eel (Lair:2)
  5 howler monkeys
  3 crimson imps
  3 quasits
  A centaur zombie (D:5)
  A jelly (shapeshifter) (Vaults:4)
  2 bullfrog skeletons
  5 jellies
  24 orc priests
  3 hounds
  38 orc wizards
  4 centaur skeletons
  12 iguanas
  5 worker ants
  A spectral swamp drake (Swamp:4)
  A hound skeleton (D:5)
  A howler monkey zombie (D:5)
  A howler monkey skeleton (D:5)
  7 adders
  16 gnolls
  4 shadow imps
  4 adder skeletons
  A worm (D:2)
  A dart slug (D:4)
  12 leopard geckos
  91 orcs
  4 giant cockroaches
  7 goblins
  20 hobgoblins
  4 jackals (D:5)
  3 quokkas
  3 bats
  11 frilled lizards
  A jackal skeleton (D:9)
  11 kobolds
  A rat (D:2)
  A fire vortex (Snake:4)
1289 creatures vanquished.

Vanquished Creatures (others)
  An alligator (Swamp:4)
  3 humans (Swamp:3)
  2 insubstantial wisps (Swamp:4)
  A fire vortex (Snake:4)
  28 fungi
  9 plants
44 creatures vanquished.

Grand Total: 1333 creatures vanquished

Notes
Turn   | Place    | Note
-------+----------+-------------------------------------------
     0 | D:1      | letownia2 the Troll Hunter began the quest for the Orb.
     0 | D:1      | Reached XP level 1. HP: 19/19 MP: 0/0
    50 | D:2      | Reached skill level 1 in Unarmed Combat
   120 | D:2      | Reached XP level 2. HP: 27/27 MP: 1/1
   227 | D:2      | Reached skill level 2 in Unarmed Combat
   367 | D:3      | Reached XP level 3. HP: 22/33 MP: 2/2
   371 | D:3      | Reached skill level 3 in Unarmed Combat
   433 | D:4      | Noticed an ogre
   434 | D:4      | Killed an ogre
   434 | D:4      | Reached skill level 4 in Unarmed Combat
   434 | D:4      | Reached XP level 4. HP: 41/41 MP: 3/3
   462 | D:4      | Reached XP level 5. HP: 35/48 MP: 4/4
   463 | D:4      | Noticed an ogre
   466 | D:4      | Killed an ogre
   466 | D:4      | Reached skill level 5 in Unarmed Combat
   491 | D:3      | Noticed jazmu's ghost (amateur FoHu)
   516 | D:4      | Reached skill level 6 in Unarmed Combat
   516 | D:4      | Reached XP level 6. HP: 9/55 MP: 5/5
   843 | D:4      | Reached skill level 7 in Unarmed Combat
   934 | D:5      | Entered Level 5 of the Dungeon
   968 | D:5      | Reached XP level 7. HP: 48/62 MP: 6/6
  1004 | D:5      | Noticed Eustachio
  1050 | D:5      | Killed Eustachio
  1050 | D:5      | Reached skill level 8 in Unarmed Combat
  1083 | D:5      | Found a staircase to the Ecumenical Temple.
  1095 | Temple   | Entered the Ecumenical Temple
  1168 | Temple   | Became a worshipper of the Wu Jian Council
  1264 | D:6      | Reached skill level 1 in Evocations
  1355 | D:6      | Reached * piety under Wu Jian
  1355 | D:6      | Reached XP level 8. HP: 57/74 MP: 6/8
  1532 | D:8      | Reached skill level 1 in Armour
  1587 | D:8      | Noticed a two-headed ogre
  1594 | D:8      | Killed a two-headed ogre
  1594 | D:8      | Reached skill level 9 in Unarmed Combat
  1615 | D:8      | Noticed a hornet
  1621 | D:8      | Killed a hornet
  1621 | D:8      | Reached XP level 9. HP: 34/80 MP: 10/10
  1683 | D:8      | Found a flagged portal.
  1778 | Bailey   | Entered a bailey
  1835 | Bailey   | Reached skill level 10 in Unarmed Combat
  1840 | Bailey   | Reached ** piety under Wu Jian
  2097 | D:8      | Found a white marble altar of Elyvilon.
  2275 | D:9      | Reached skill level 11 in Unarmed Combat
  2281 | D:9      | Noticed Joseph
  2330 | D:9      | Reached *** piety under Wu Jian
  2343 | D:9      | Killed Joseph
  2399 | D:9      | Found a hide-covered altar of Uskayaw.
  2569 | D:8      | Reached XP level 10. HP: 90/92 MP: 12/12
  2751 | D:9      | Found a shattered altar of Ashenzari.
  2752 | D:9      | Found a stormy altar of Qazlal.
  2758 | D:9      | Found a staircase to the Lair.
  2823 | D:9      | Noticed a manticore
  2833 | D:9      | Killed a manticore
  2833 | D:9      | Reached skill level 5 in Fighting
  2833 | D:9      | Reached skill level 12 in Unarmed Combat
  2889 | Lair:1   | Entered Level 1 of the Lair of Beasts
  2889 | Lair:1   | Noticed a spiny frog
  2897 | Lair:1   | Killed a spiny frog
  2981 | Lair:1   | Noticed a black mamba
  2985 | Lair:1   | Killed a black mamba
  2994 | Lair:1   | Noticed a spiny frog
  3000 | Lair:1   | Killed a spiny frog
  3119 | Lair:2   | Reached skill level 13 in Unarmed Combat
  3119 | Lair:2   | Reached XP level 11. HP: 40/107 MP: 13/13
  3252 | Lair:2   | Reached **** piety under Wu Jian
  3319 | Lair:3   | Found a staircase to the Snake Pit.
  3554 | Lair:3   | Reached skill level 14 in Unarmed Combat
  3736 | Lair:3   | Identified a scroll of acquirement
  3737 | Lair:3   | Got crude quicksilver dragon scales
  3754 | Lair:3   | Reached skill level 15 in Unarmed Combat
  3823 | Lair:3   | Reached ***** piety under Wu Jian
  3828 | Lair:3   | Reached XP level 12. HP: 28/118 MP: 14/14
  3829 | Lair:3   | Found a staircase to the Swamp.
  3845 | Lair:3   | Found a frozen archway.
  3853 | IceCv    | Entered an ice cave
  3900 | IceCv    | Identified the quicksilver dragon scales of the Hunter {rC+ MR+} (You acquired it on level 3 of the Lair of Beasts)
  4338 | IceCv    | Noticed an ice dragon
  4339 | IceCv    | Noticed an ice dragon
  4347 | IceCv    | Killed an ice dragon
  4353 | IceCv    | Killed an ice dragon
  4353 | IceCv    | Reached skill level 16 in Unarmed Combat
  4409 | IceCv    | Got a flickering wooden ring
  4482 | IceCv    | Identified the ring of Vusy {rElec rPois rC++ Dex+3} (You found it in an ice cave)
  4580 | Lair:3   | Noticed a four-headed hydra
  4590 | Lair:3   | Killed a four-headed hydra
  4590 | Lair:3   | Reached skill level 5 in Armour
  4706 | Lair:3   | Noticed a dire elephant
  4731 | Lair:3   | Killed a dire elephant
  5261 | Lair:3   | Reached XP level 13. HP: 97/124 MP: 15/15
  5376 | Lair:4   | Reached skill level 17 in Unarmed Combat
  5674 | Lair:6   | Entered Level 6 of the Lair of Beasts
  5682 | Lair:6   | Reached ****** piety under Wu Jian
  5699 | Lair:6   | Reached skill level 18 in Unarmed Combat
  6125 | Lair:6   | Reached skill level 19 in Unarmed Combat
  6298 | Lair:5   | Got a crystal rapier
  6362 | Lair:6   | Reached XP level 14. HP: 95/133 MP: 16/16
  6365 | Lair:6   | Found a staircase to the Slime Pits.
  6944 | Lair:4   | Learned a level 3 spell: Conjure Flame
  6991 | Lair:4   | Learned a level 1 spell: Flame Tongue
  7269 | D:10     | Entered Level 10 of the Dungeon
  7292 | D:10     | Found Diorr's Antique Armour Shoppe.
  7342 | D:10     | Found Wymat's Gadget Emporium.
  7367 | D:10     | Found a staircase to the Orcish Mines.
  7396 | D:10     | Reached skill level 1 in Conjurations
  7400 | Orc:1    | Entered Level 1 of the Orcish Mines
  7404 | Orc:1    | Noticed Josephine
  7407 | Orc:1    | Reached skill level 1 in Fire Magic
  7435 | Orc:1    | Killed Josephine
  7435 | Orc:1    | Reached skill level 1 in Spellcasting
  7609 | Orc:2    | Entered Level 2 of the Orcish Mines
  7731 | Orc:2    | Identified the cursed +1 rapier of Agony {venom, Str+4} (You found it on level 5 of the Lair of Beasts)
  7877 | Orc:2    | Found a roughly hewn altar of Beogh.
  8192 | Orc:2    | Found a staircase to the Elven Halls.
  8279 | Orc:2    | Found Lexkaeleats's Book Emporium.
  8299 | Orc:2    | Found Xoseumo's Book Shoppe.
  8323 | Orc:2    | Noticed Erolcha
  8324 | Orc:2    | Found a radiant altar of Vehumet.
  8328 | Orc:2    | Killed Erolcha
  8331 | Orc:2    | Found Geas's Antique Weapon Emporium.
  8348 | Orc:2    | Found an ancient bone altar of Kikubaaqudgha.
  8359 | Orc:2    | Found a roughly hewn altar of Beogh.
  8378 | Orc:2    | Found Kukunen's Magic Scroll Emporium.
  8384 | Orc:2    | Bought a scroll of fear for 35 gold pieces
  8384 | Orc:2    | Bought a scroll of fear for 35 gold pieces
  8384 | Orc:2    | Bought a scroll of enchant armour for 75 gold pieces
  8384 | Orc:2    | Bought a scroll of enchant armour for 75 gold pieces
  8416 | Orc:2    | Bought a book of Minor Magic for 360 gold pieces
  8419 | Orc:2    | Learned a level 2 spell: Blink
  8421 | Orc:2    | Learned a level 1 spell: Magic Dart
  8425 | Orc:2    | Learned a level 3 spell: Mephitic Cloud
  8701 | Snake:1  | Entered Level 1 of the Snake Pit
  8757 | Snake:1  | Reached skill level 1 in Translocations
  8851 | Snake:1  | Found a deep blue altar of Sif Muna.
  8861 | Snake:1  | Learned a level 2 spell: Poisonous Vapours
  8864 | Snake:1  | Learned a level 2 spell: Call Imp
  8932 | Snake:1  | Noticed Aizul
  8951 | Snake:1  | Reached XP level 15. HP: 132/146 MP: 17/17
  8993 | Snake:1  | Killed Aizul
  9373 | Snake:4  | Entered Level 4 of the Snake Pit
  9443 | Snake:4  | Noticed a nagaraja
  9450 | Snake:4  | Killed a nagaraja
  9457 | Snake:4  | Found Vaveugi's Magic Scroll Shoppe.
  9466 | Snake:4  | Bought a scroll of teleportation for 54 gold pieces
  9466 | Snake:4  | Bought a scroll of teleportation for 54 gold pieces
  9527 | Snake:4  | Noticed a nagaraja
  9543 | Snake:4  | Killed a nagaraja
  9543 | Snake:4  | Reached skill level 20 in Unarmed Combat
  9593 | Snake:3  | HP: 1/146 [black mamba (14)]
  9728 | Snake:3  | Reached skill level 1 in Shields
 10204 | Snake:3  | Reached skill level 5 in Shields
 10821 | Snake:4  | Reached XP level 16. HP: 132/156 MP: 18/18
 11006 | Snake:4  | Noticed letownia2's ghost (adept GrWz)
 11041 | Snake:4  | Killed letownia2's ghost
 11093 | Snake:4  | Noticed Vashnia
 11183 | Snake:4  | Killed Vashnia
 11256 | Snake:4  | Bought a scroll of fear for 63 gold pieces
 12069 | Snake:4  | Reached skill level 1 in Poison Magic
 12080 | Snake:4  | Reached skill level 1 in Air Magic
 12943 | Snake:4  | Reached XP level 17. HP: 71/165 MP: 20/20
 13093 | Snake:4  | Got a serpentine rune of Zot
 13409 | Swamp:1  | Entered Level 1 of the Swamp
 13497 | Swamp:3  | Noticed Kirke
 13506 | Swamp:3  | Reached skill level 10 in Fighting
 13532 | Swamp:2  | Killed Kirke
 13876 | Swamp:4  | Entered Level 4 of the Swamp
 14225 | Swamp:4  | Noticed a bone dragon
 14300 | Swamp:3  | Noticed Roxanne
 14504 | Swamp:4  | Killed a bone dragon
 15195 | Swamp:4  | Got a decaying rune of Zot
 16065 | D:12     | Found a labyrinth entrance.
 16071 | Lab      | Entered a labyrinth
 16395 | Lab      | Got a smoking crystal plate armour
 16396 | Lab      | Identified the +16 crystal plate armour "Mosiu" {rN+ Str+4} (You took it off a minotaur in a labyrinth)
 16405 | D:12     | Noticed Psyche
 16409 | D:12     | Killed Psyche
 16572 | D:13     | You fall through a shaft!
 16747 | D:15     | Entered Level 15 of the Dungeon
 16761 | D:15     | Noticed Nessos
 16769 | D:15     | Killed Nessos
 16769 | D:15     | Reached skill level 5 in Dodging
 16876 | D:15     | Reached XP level 18. HP: 121/179 MP: 10/24
 17059 | D:15     | Paralysed by a floating eye for 4 turns
 17068 | D:15     | Found a staircase to the Depths.
 17210 | D:14     | Found a shattered altar of Ashenzari.
 17297 | D:13     | Found a viscous altar of Jiyva.
 17595 | D:14     | Reached skill level 21 in Unarmed Combat
 17625 | D:14     | Found a gate to the Vaults.
 17681 | Vaults:1 | Entered Level 1 of the Vaults
 18418 | Vaults:3 | Reached skill level 22 in Unarmed Combat
 18741 | Vaults:3 | Reached XP level 19. HP: 51/187 MP: 2/25
 19293 | Vaults:4 | Reached skill level 23 in Unarmed Combat
 20228 | Vaults:4 | Reached skill level 5 in Throwing
 20234 | Vaults:4 | HP: 9/187 [stone giant/large rock (22)]
 20235 | Vaults:4 | Demolished by a stone giant

Skill      XL: |  1  2  3  4  5  6  7  8  9 10 11 12 13 14 15 16 17 18 19 |
---------------+----------------------------------------------------------+-----
Unarmed Combat | 1 2 4 6 7 8 9 11 13 15 16 19 20 22 23 | 23.6
Fighting       | 2 4 6 7 9 11 | 11.6
Dodging        | 2 3 5 7 |  7.8
Evocations     | 1 3 4 |  4.4
Armour         | 2 6 7 |  7.1
Conjurations   | 2 3 |  3.8
Fire Magic     | 2 |  2.8
Spellcasting   | 2 3 4 |  4.9
Translocations | 2 4 |  4.0
Shields        | 7 9 |  9.2
Poison Magic   | 3 |  3.3
Air Magic      | 3 |  3.0
Throwing       | 5 |  5.1
Stealth        | |  0.3

Action                   |  1- 3 |  4- 6 |  7- 9 | 10-12 | 13-15 | 16-18 | 19-21 || total
-------------------------+-------+-------+-------+-------+-------+-------+-------++-------
Melee: Unarmed           |    81 |    75 |   321 |   570 |  1163 |  1876 |   373 ||  4459
       Punch             |       |       |     7 |    42 |    94 |       |       ||   143
Throw: Large rock        |     1 |     3 |     2 |    13 |    13 |     6 |       ||    38
       Throwing net      |       |       |       |     3 |       |       |       ||     3
 Cast: Blink             |       |       |       |       |       |    23 |    14 ||    37
       Conjure Flame     |       |       |       |       |       |    23 |       ||    23
       Mephitic Cloud    |       |       |       |       |       |    29 |     8 ||    37
Invok: Lunge             |       |       |    30 |    55 |   118 |   124 |    26 ||   353
       Whirlwind         |       |       |    16 |    27 |   107 |    60 |    11 ||   221
       Wall Jump         |       |       |     4 |     6 |    17 |    21 |     1 ||    49
       Serpent's Lash    |       |       |       |       |     1 |     1 |       ||     2
       Heavenly Storm    |       |       |       |       |     1 |       |       ||     1
 Abil: Evoke Berserk Rag |       |       |     3 |     7 |    17 |    13 |       ||    40
       Evoke Invisibilit |       |       |       |       |       |       |     1 ||     1
Evoke: Wand              |       |       |     3 |    25 |     6 |    16 |     1 ||    51
  Use: Scroll            |       |       |     3 |    14 |    12 |    17 |     4 ||    50
       Potion            |       |       |       |     3 |     1 |     5 |     3 ||    12
 Stab: Confused          |       |       |       |       |     1 |    16 |     5 ||    22
       Distracted        |       |       |       |       |       |       |     1 ||     1
  Eat: Chunk             |     9 |     5 |    17 |    33 |    61 |    88 |    15 ||   228
       Ration            |       |       |       |       |     1 |     2 |       ||     3
Armor: Robe              |    35 |    25 |    15 |       |       |       |       ||    75
       Fire dragon scale |       |       |   175 |   204 |   392 |   662 |   101 ||  1534
       Quicksilver drago |       |       |       |    25 |    98 |       |       ||   123
Dodge: Dodged            |    59 |    36 |   153 |   165 |   380 |   357 |    68 ||  1218
Block: Shield            |       |       |       |       |    11 |   723 |   149 ||   883
